 Dungeon Crawl Stone Soup version 0.20.0-15-g7f486f2 (webtiles) character file.

132 kuniqs the Shield-Bearer (level 4, -2/41 HPs)
             Began as a Minotaur Fighter on June 9, 2017.
             Slain by an orc wizard
             ... wielding a +0 dagger
              (4 damage)
             ... on level 3 of the Dungeon.
             The game lasted 00:03:21 (1695 turns).

kuniqs the Shield-Bearer (Minotaur Fighter)         Turns: 1695, Time: 00:03:22

Health: -2/41      AC:  8    Str: 26    XL:     4   Next: 92%
Magic:  3/3        EV:  8    Int:  5    God:
Gold:   150        SH: 10    Dex: 10    Spells: 3/3 levels left

rFire    . . .     SeeInvis .   a - +0 flail
rCold    . . .     Gourm    .   c - +0 shield
rNeg     . . .     Faith    .   b - +0 scale mail
rPois    .         Spirit   .   (helmet restricted)
rElec    .         Reflect  .   u - +0 cloak
rCorr    .         Harm     .   (no gloves)
MR       .....                  (no boots)
Stlth    ..........             (no amulet)
Regen    0.2/turn               (no ring)
MPRegen  0.1/turn               (no ring)

@: mighty
A: retaliatory headbutt, horns 2
a: no special abilities


You were on level 3 of the Dungeon.
You were not hungry.

You visited 1 branch of the dungeon, and saw 3 of its levels.

You collected 150 gold pieces.

Inventory:

Hand Weapons
 a - a +0 flail (weapon)
Missiles
 l - 5 javelins of returning (quivered)
Armour
 b - a +0 scale mail (worn)
 c - a +0 shield (worn)
 u - a +0 cloak (worn)
Jewellery
 p - an uncursed ring of ice
Scrolls
 g - a scroll of enchant armour
 i - 2 scrolls of identify {@r1}
 n - 3 scrolls of remove curse {@r2}
 o - a scroll of recharging {unknown}
Potions
 j - a potion of agility {unknown}
 q - a potion of invisibility {unknown}
Comestibles
 d - 2 bread rations
 e - 2 meat rations
 f - 3 fruits
 r - 7 chunks of flesh
 s - a royal jelly


   Skills:
 + Level 4.4 Fighting
 + Level 3.5 Maces & Flails
 + Level 4.3 Armour
 + Level 1.6 Dodging
 + Level 4.6 Shields


You had 3 spell levels left.
You didn't know any spells.

Dungeon Overview and Level Annotations

Branches:
Dungeon (3/15)

Altars:
Ashenzari


Innate Abilities, Weirdness & Mutations

You reflexively headbutt those who attack you in melee.
You have a pair of horns on your head.


Message History

The orc priest hits you but does no damage.
Something hits you but does no damage.
You hit the orc priest but do no damage.
The orc priest is almost dead.
The bat hits you.
* * * LOW HITPOINT WARNING * * *
You block the bat's attack.
The orc hits you from afar with a trident.
* * * LOW HITPOINT WARNING * * *
The orc priest looks encouraged for a moment.
Something hits you.
* * * LOW HITPOINT WARNING * * *
The bat closely misses you. The orc priest hits you.
* * * LOW HITPOINT WARNING * * *
The orc hits you but does no damage.
You feel very mighty all of a sudden. The bat barely misses you.
You furiously retaliate!
You headbutt the bat!
You kill the bat!
Something hits you.
You die...

*,* *,,......###.#### *, *,*
*,*#............##*, *,*
#,*#..##.....<...#*, *,*
#.*#..######.##..#*, *,*
#.*#..######.##..#*, *,*
####.##.........##..##. *,*
*##....%.....#...........
*,*****......$(......#####..##.
*,,,,,,,#.####@####..#####..##.
*********,*#.)o{.##...<........
******** *,#...o...#...####..###
,,,,,,,****,#.[.....#.........###
,,,,,,,,,**....._.......#####....
,*****,*,,..#).(....#..## #####
,,,,**,**##.#.......#..#
,**,,,,,,,.,##....$##,##
,*****>****,****,****,*


You could see an orc priest and an orc.

Vanquished Creatures
  A hound (D:3)
  2 adders (D:2)
  An ooze (D:2)
  2 worms (D:3)
  2 leopard geckos (D:3)
  5 orcs (D:3)
  8 bats
  4 giant cockroaches
  8 hobgoblins
  3 jackals (D:3)
  13 kobolds
  2 quokkas
  2 ball pythons
  6 frilled lizards
  5 goblins
  A rat (D:2)
65 creatures vanquished.

Notes
Turn   | Place    | Note
-------+----------+-------------------------------------------
     0 | D:1      | kuniqs the Minotaur Fighter began the quest for the Orb.
     0 | D:1      | Reached XP level 1. HP: 19/19 MP: 0/0
    51 | D:1      | Reached XP level 2. HP: 24/27 MP: 1/1
   591 | D:2      | Reached XP level 3. HP: 30/33 MP: 2/2
   723 | D:2      | Reached skill level 1 in Dodging
  1199 | D:3      | Reached XP level 4. HP: 27/40 MP: 3/3
  1684 | D:3      | Found a shattered altar of Ashenzari.
  1694 | D:3      | HP: 2/41 [orc priest (1)]
  1695 | D:3      | Slain by an orc wizard

Skill      XL: |  1  2  3 |
---------------+----------+-----
Maces & Flails | 3 |  3.5
Armour         | 4 |  4.3
Shields        | 4 |  4.6
Fighting       | 4 |  4.4
Dodging        | 1 |  1.6

Action                   |  1- 3 |  4- 6 || total
-------------------------+-------+-------++-------
Melee: Flail             |   130 |    56 ||   186
       Headbutt          |     8 |     8 ||    16
  Use: Scroll            |       |     5 ||     5
       Potion            |       |     1 ||     1
  Eat: Chunk             |     1 |     2 ||     3
Armor: Scale mail        |    64 |    30 ||    94
Dodge: Dodged            |    41 |    17 ||    58
Block: Shield            |    76 |    31 ||   107
